 Dungeon Crawl Stone Soup version 0.31-a0-564-g3b7de120b3 (webtiles) character file.

Game seed: 12607092444886347694

3663 Rohain the Grappler (level 9, -5/89 HPs)
             Began as a Troll Shapeshifter on Aug 18, 2023.
             Was a Follower of the Shining One.
             Slain by a two-headed ogre
             ... wielding a +0 giant club
              (14 damage)
             ... on level 9 of the Dungeon.
             The game lasted 00:09:17 (6689 turns).

Rohain the Grappler (Troll Shapeshifter)            Turns: 6689, Time: 00:09:18

Health: -5/89      AC:  6    Str: 29    XL:     9   Next: 89%
Magic:  8/8        EV:  9    Int:  4    God:    the Shining One [*.....]
Gold:   370        SH:  0    Dex: 10    Spells: 8/8 levels left

rFire   . .          .
                       - Unarmed
rCold   . . .        (no shield)
rNeg    . . .        a - +0 animal skin
rPois   +            (helmet currently unavailable)
rElec   .            (cloak currently unavailable)
rCorr   .            (gloves unavailable)
SInv    .            (boots unavailable)
Will    +....        (no amulet)
Stlth   +            m - ring of flight
HPRegen 1.14/turn    w - ring "Futo" {rPois Will+}
MPRegen 0.11/turn

%: no passive effects
@: about to teleport, beast-form, flying, glowing
A: beast (slay +4), large, unfitting armour, claws 3, regeneration 1, shaggy fur
1, tough skin 1, talons 1, iridescent scales 1
a: Begin Untransformation, Renounce Religion, Divine Shield


You were on level 9 of the Dungeon.
You worshipped the Shining One.
The Shining One was aware of your devotion.
You were a hulking beast.
You visited 2 branches of the dungeon, and saw 10 of its levels.

You collected 370 gold pieces.

Inventory:

Missiles
 k - 4 throwing nets
 o - 5 datura-tipped darts
Armour
 a - a +0 animal skin (worn)
 j - the +0 leather armour of Wipp {Rampage rF+ Slay+3}
   (You took it off a hobgoblin on level 2 of the Dungeon)

   Slay+3:    It affects your accuracy & damage with ranged weapons and melee
   (+3).
   rF+:       It protects you from fire.
   Rampage:   It bestows one free step when moving towards enemies.
Jewellery
 m - a ring of flight (left claw)
 p - a ring of poison resistance
 w - the ring "Futo" (right claw) {rPois Will+}
   (You found it on level 8 of the Dungeon)

   [ring of poison resistance]

   rPois:     It protects you from poison Will+: It increases your willpower.
Talismans
 c - a beast talisman (active)
 d - a flux talisman
Wands
 l - a wand of polymorph (16)
 q - a wand of acid (10)
 s - a wand of flame (49)
 t - a wand of paralysis (7)
Scrolls
 g - 4 scrolls of teleportation
 i - 3 scrolls of identify
 v - a scroll of noise
Potions
 b - 2 potions of lignification
 e - 3 potions of attraction
 f - 9 potions of curing
 h - 2 potions of haste
 n - a potion of heal wounds
 r - 3 potions of brilliance
 u - a potion of enlightenment


   Skills:
 + Level 6.2 Fighting
 - Level 1.5 Dodging
 * Level 9.9 Unarmed Combat
 - Level 7.1 Shapeshifting


You had 8 spell levels left.
You didn't know any spells.
Your spell library contained the following spells:

 Spells                   Type           Power      Damage    Failure   Level
 Sandblast                Erth           0%         2d4       50%         1
 Passwall                 Tmut/Erth      0%         N/A       65%         2
 Sublimation of Blood     Necr           0%         N/A       65%         2
 Wereblood                Tmut           0%         N/A       65%         2
 Gell's Gravitas          Tloc           0%         N/A       86%         3
 Stone Arrow              Conj/Erth      0%         3d7       86%         3
 Teleport Other           Tloc           0%         N/A       86%         3
 Dispersal                Tloc           0%         N/A       100%        6
 Summon Hydra             Summ           0%         N/A       100%        7


Dungeon Overview and Level Annotations

Branches:
Dungeon (9/15)             Temple (1/1) D:5            Lair (0/5) D:8
    Orc: D:9-12

Altars:
Ashenzari
Dithmenos
Elyvilon
Fedhas
Gozag
Hepliaklqana
Kikubaaqudgha
Makhleb
Nemelex Xobeh
Okawaru
Qazlal
Ru
Sif Muna
Trog
Uskayaw
Vehumet
Wu Jian
Xom
Yredelemnul
Zin
The Shining One

Shops:
D:6 (   D:7 [

Annotations:
D:9 Erica


Innate Abilities, Weirdness & Mutations

You are a hulking beast.
Your limbs bulge with bestial killing power. (Slay +4)
You are too large for most types of armour.
You have claws for hands.
Your natural rate of healing is unusually fast.
You are covered in fur. (AC +1)
You have tough skin. (AC +1)
You have sharp toenails.
You are partially covered in iridescent scales. (AC +2)


Message History

You fly downwards.
Level annotation: Erica
Found 18 gold pieces.
There is a stone staircase leading up here.
Okay, then.
Okay, then.
You now have 370 gold pieces (gained 18).
You reach down and open the door.
There is an open door here.
You reach down and open the door.
There is an open door here.
You reach down and open the door.
A two-headed ogre comes into view.
It is wielding a +0 giant club and a +0 giant spiked club.
The two-headed ogre shouts in stereo!
A two-headed ogre is nearby!
A two-headed ogre is nearby!
Okay, then.
There is an open door here.
Aiming: Paralyse
Press: ? - help, Shift-Dir - straight line, f - two-headed ogre
Aim: a two-headed ogre, wielding a +0 giant club and a +0 giant spiked club (chance to affect: 31%)
The two-headed ogre easily resists.
Aiming: Paralyse
Press: ? - help, Shift-Dir - straight line, f/p - two-headed ogre
Aim: a two-headed ogre, wielding a +0 giant club and a +0 giant spiked club (chance to affect: 31%)
The two-headed ogre easily resists.
Aiming: Paralyse
Press: ? - help, Shift-Dir - straight line, f/p - two-headed ogre
Aim: a two-headed ogre, wielding a +0 giant club and a +0 giant spiked club (haloed, chance to affect: 31%)
The two-headed ogre easily resists.
The two-headed ogre hits you with a +0 giant club!!
The two-headed ogre hits you with a +0 giant spiked club!!
Okay, then.
Okay, then.
As you read the scroll of teleportation, it crumbles to dust.
You feel strangely unstable.
The two-headed ogre hits you with a +0 giant club!!
* * * LOW HITPOINT WARNING * * *
The two-headed ogre hits you with a +0 giant spiked club!
You die...

#..# #.## #.#
####'####
#.......#
.#######.......#
.......'.......#
.#######...O...#
#...h.<.#
#.......#
#.......#
#.......#
#.......#
###+#####


You could see a two-headed ogre.

Vanquished Creatures
  A hornet (D:9)
  Prince Ribbit (D:9)
  3 wyverns
  Eustachio (D:4)
  A steam dragon (D:7)
  An acid dragon (D:7)
  Duvessa (D:4)
  2 black bears
  2 orc warriors (D:8)
  A sky beast (D:7)
  A centaur (D:6)
  A phantom (D:6)
  2 bullfrogs (D:7)
  A kobold brigand (D:4)
  3 scorpions
  3 gnoll sergeants
  3 wights (D:6)
  Dowan (D:4)
  3 killer bees (D:8)
  2 gnoll boudas
  3 hounds
  A jelly (D:4)
  4 orc priests
  A sleepcap (D:4)
  An iguana (D:5)
  6 orc wizards
  20 gnolls
  7 adders
  A white imp (D:4)
  An ufetubus (D:4)
  A worm (D:4)
  2 dart slugs (D:3)
  12 orcs
  3 bats
  4 endoplasms
  5 giant cockroaches
  9 goblins
  7 hobgoblins
  11 jackals
  12 kobolds
  2 quokkas
  8 ball pythons
  A frilled lizard (D:1)
  7 rats
163 creatures vanquished.

Notes
Turn   | Place    | Note
-------+----------+-------------------------------------------
     0 | D:1      | Rohain the Troll Shapeshifter began the quest for the Orb.
     0 | D:1      | Reached XP level 1. HP: 18/18 MP: 0/0
    53 | D:1      | Reached skill level 1 in Fighting
   169 | D:1      | Reached XP level 2. HP: 27/27 MP: 1/1
   283 | D:1      | You fall into a shaft and drop 1 floor!
   355 | D:2      | Reached XP level 3. HP: 33/33 MP: 2/2
  1004 | D:2      | Found a sparkling altar of Nemelex Xobeh.
  1073 | D:2      | Identified the +0 leather armour of Wipp {Rampage rF+
                  | Slay+3}
  1334 | D:2      | Found the +7 staff of the Meek {protect, meekguard}
  1423 | D:3      | Reached skill level 4 in Unarmed Combat
  1434 | D:3      | Reached XP level 4. HP: 40/41 MP: 3/3
  1871 | D:3      | Gained mutation: You have sharp toenails. [potion of
                  | mutation]
  1871 | D:3      | Gained mutation: You are partially covered in iridescent
                  | scales. (AC +2) [potion of mutation]
  1969 | D:4      | Noticed a gnoll sergeant
  2075 | D:4      | Noticed Eustachio
  2097 | D:4      | Killed Eustachio
  2098 | D:4      | Reached skill level 5 in Unarmed Combat
  2098 | D:4      | Reached XP level 5. HP: 23/50 MP: 4/4
  2098 | D:4      | Reached XP level 6. HP: 27/59 MP: 5/5
  2479 | D:4      | Noticed Dowan
  2485 | D:4      | Noticed Duvessa
  2495 | D:4      | Killed Dowan
  2497 | D:4      | Killed Duvessa
  2498 | D:4      | Reached XP level 7. HP: 10/67 MP: 6/6
  2590 | D:4      | Reached skill level 5 in Shapeshifting
  2989 | D:5      | Entered Level 5 of the Dungeon
  2992 | D:5      | Found a staircase to the Ecumenical Temple.
  3116 | Temple   | Entered the Ecumenical Temple
  3249 | D:5      | Reached skill level 6 in Unarmed Combat
  3255 | D:5      | Noticed an air elemental
  3256 | D:5      | Found a stormy altar of Qazlal.
  3391 | D:5      | Noticed a fire elemental
  3391 | D:5      | Noticed a water elemental
  3407 | D:5      | Identified the +5 hand axe of Plague {spect, rPois}
  3519 | D:5      | Reached XP level 8. HP: 60/78 MP: 7/7
  3904 | D:5      | Found a glowing golden altar of the Shining One.
  3923 | D:5      | Became a worshipper of the Shining One
  4190 | D:6      | Found Xuarihat's Weapon Shop.
  4320 | D:6      | Identified the +5 dagger "Tomeda Veof" {spect, rN+ Stlth+}
  4539 | D:7      | Reached skill level 7 in Unarmed Combat
  4658 | D:7      | Found Ywomew's Armour Emporium.
  4875 | D:7      | Reached XP level 9. HP: 74/87 MP: 8/8
  4919 | D:7      | Reached skill level 5 in Fighting
  4951 | D:7      | Reached * piety under the Shining One
  4978 | D:7      | Identified the +9 trident "Feawkud" {pain, rC++}
  5113 | D:7      | Reached skill level 8 in Unarmed Combat
  5596 | D:8      | Found a sacrificial altar of Ru.
  5835 | D:8      | Reached skill level 9 in Unarmed Combat
  5872 | D:8      | Found an iron altar of Okawaru.
  5877 | D:8      | Identified the ring "Futo" {rPois Will+}
  6074 | D:8      | Found a shimmering blue altar of Sif Muna.
  6160 | D:8      | Found a staircase to the Lair.
  6412 | D:9      | Noticed Prince Ribbit
  6422 | D:9      | Killed Prince Ribbit
  6533 | D:9      | Noticed Erica
  6677 | D:9      | Noticed a two-headed ogre
  6689 | D:9      | Slain by a two-headed ogre

Illustrated notes

Levels and vault maps discovered:
D:1:      onia_arrival_handbag, layout_loops_ring, palyth_stone_intersect
D:2:      layout_basic, basic_altar
D:3:      layout_basic, st_stairs_8
D:4:      layout_layer_cave, minmay_box_of_dots, uniq_duvessa, uniq_eustachio
D:5:      layout_basic, kennysheep_little_box, nicolae_qazlal_style_of_elements,
          temple_pool_b, nrook_mini_vaults
D:6:      layout_basic, serial_shops, nicolae_shop_statue_plus
D:7:      layout_loops_corners, serial_shops, nicolae_lakefront_shop
D:8:      layout_basic, okawaru_gym_becter, mainiacjoe_overflow_alcove_1,
          hangedman_ru_absence, lair_entry_dummy, chequers_decorated_corner
D:9:      layout_roguey, uniq_prince_ribbit1, uniq_erica, uniq_maurice
Temple:   kb_temple_of_zot

Skill      XL: |  1  2  3  4  5  6  7  8  9 |
---------------+----------------------------+-----
Fighting       | 1 2 3 4 6 |  6.2
Unarmed Combat | 4 5 6 7 9 |  9.9
Shapeshifting  | 4 5 7 |  7.1
Dodging        | |  1.5

Action                     |  1- 3 |  4- 6 |  7- 9 || total
---------------------------+-------+-------+-------++-------
  Melee: Unarmed           |   110 |   104 |   180 ||   394
         Punch             |     1 |     2 |     6 ||     9
         Kick              |       |    13 |    59 ||    72
  Evoke: Wand              |       |       |     3 ||     3
    Use: Scroll            |     3 |     1 |     6 ||    10
         Potion            |       |     3 |       ||     3
   Stab: Sleeping          |     1 |       |       ||     1
 Armour: Animal skin       |    37 |    53 |    62 ||   152
  Dodge: Dodged            |    49 |    67 |    87 ||   203

Table legend: (Time is in decaauts)
 A = Elapsed time spent in this place.
 B = Non-inter-level travel time spent in this place.
 C = Inter-level travel time spent in this place.
 D = Time resting spent in this place.
 E = Time spent auto-exploring this place.
 F = Levels seen in this place.
 G = Mean time per level.
                   A        B        C        D        E       F      G
               +--------+--------+--------+--------+--------+-----+--------+
         Total |   6647 |   6343 |    304 |    348 |   4750 |  10 |  664.7 |
       Dungeon |   6611 |   6307 |    304 |    348 |   4750 |   9 |  734.6 |
        Temple |     35 |     35 |      0 |      0 |      0 |   1 |   35.0 |
               +--------+--------+--------+--------+--------+-----+--------+

Top non-repeatable levels by time:
     D:8: 1075 daAuts
     D:4: 984 daAuts
     D:5: 929 daAuts
     D:7: 929 daAuts
     D:1: 797 daAuts
     D:2: 596 daAuts
     D:3: 592 daAuts
     D:6: 518 daAuts
     D:9: 187 daAuts
  Temple: 35 daAuts
